 Dungeon Crawl Stone Soup version 0.30.1 (webtiles) character file.

Game seed: 2606650417902382940

67 growler the Insei (level 4, -3/36 HPs)
             Began as a Draconian Transmuter on July 13, 2023.
             Constricted to death by Grinder (5 damage)
             ... on level 4 of the Dungeon.
             The game lasted 00:04:12 (1862 turns).

growler the Insei (Draconian Transmuter)            Turns: 1862, Time: 00:04:12

Health: -3/36      AC:  2    Str: 12    XL:     4   Next: 0%
Magic:  1/7        EV: 16    Int: 14    God:
Gold:   194        SH:  0    Dex: 18    Spells: 2/8 levels left

rFire   + .          .
                       - Unarmed
rCold   + . .        (shield currently unavailable)
rNeg    . . .        (body armour unavailable)
rPois   .            (helmet currently unavailable)
rElec   +            (cloak currently unavailable)
rCorr   +            (gloves currently unavailable)
SInv    .            (boots currently unavailable)
Will    .....        (no amulet)
Stlth   ++           (no ring)
HPRegen 0.26/turn    (no ring)
MPRegen 0.10/turn

%: no passive effects
@: spider-form (expiring), resistant, grasped by roots, constricted
A: venomous fangs, AC +5, tiny, unfitting armour, (cold-blooded)
a: End Transformation


You were on level 4 of the Dungeon.
You were a venomous arachnid creature.
You visited 1 branch of the dungeon, and saw 4 of its levels.

You collected 194 gold pieces.

Inventory:

Wands
 h - a wand of paralysis (8)
Scrolls
 b - 2 scrolls of identify {unknown}
 c - 3 scrolls of vulnerability {unknown}
 d - a scroll of enchant armour {unknown}
 g - 2 scrolls of teleportation {unknown}
 k - a scroll of fear {unknown}
 l - a scroll of noise {unknown}
Potions
 a - a potion of lignification
 e - a potion of attraction {unknown}
 f - a potion of resistance
 i - a potion of heal wounds {unknown}
 j - a potion of curing {unknown}


   Skills:
 - Level 1.9 Fighting
 - Level 2.2 Dodging
 + Level 3.5 Unarmed Combat
 + Level 2.5 Spellcasting
 + Level 2.6 Transmutations


You had 2 spell levels left.
You knew the following spells:

 Your Spells              Type           Power      Damage    Failure   Level
a - Beastly Appendage     Tmut           18%        N/A       21%         1
b - Wereblood             Tmut           9%         N/A       28%         2
c - Spider Form           Tmut/Pois      5%         N/A       58%         3

Your spell library contained the following spells:

 Spells                   Type           Power      Damage    Failure   Level
 Vhi's Electric Charge    Tloc/Air       2%         N/A       77%         3
 Ice Form                 Ice/Tmut       5%         N/A       91%         4
 Arcjolt                  Conj/Air       0%         1d10      100%        5
 Maxwell's Capacitive Co  Air            0%         ∞         100%        8


Dungeon Overview and Level Annotations

Branches:
Dungeon (4/15)
 Temple: D:4-7

Altars:

Annotations:
D:4 Grinder


Innate Abilities, Weirdness & Mutations

You are a venomous arachnid creature.
You have venomous fangs.
You are tiny and dextrous.
Your spellcasting is less reliable in this form.
Your armour is entirely melded.
You are incapable of wielding weapons or throwing items.
((Your plain brown scales are hard. (AC +5)))
You cannot fit into any form of body armour.
((You are cold-blooded and may be slowed by cold attacks.))


Message History

There is an entrance to an ossuary on this level.
Hurry and find it before the portal is buried!
There is a stone staircase leading up here.
Casting: Beastly Appendage (safe; 8% risk of failure)
Confirm with . or Enter, or press ? or * to list all spells.
The spell is quite dangerous to miscast (36% risk of failure)!
Continue anyway?
You miscast Spider Form.
You are very lightly contaminated with residual magic.
Nothing appears to happen.
Grinder shouts!
Grinder gestures at you.
You suddenly lose the ability to move!
Grinder hits you but does no damage. Grinder hits you!
You writhe in agony.
You can move again.
Unknown command.
Casting: Spider Form (quite dangerous; 36% risk of failure)
Confirm with . or Enter, or press ? or * to list all spells.
The spell is quite dangerous to miscast (36% risk of failure)!
Continue anyway?
You turn into a venomous arachnid creature.
Grinder blinks!
Your transformation is almost over.
Grinder hits you.
You writhe in agony.
You hit Grinder but do no damage.
Grinder is poisoned.
You hit Grinder.
Grinder is lightly wounded.
Grinder zaps a wand.
The roots erupt in riotous growth!
The grasping roots grab you!
Grinder is unaffected.
The grasping roots constrict you.
You hit Grinder.
Grinder is lightly wounded.
Grinder closely misses you. The grasping roots constrict you.
Your magical contamination has completely faded away.
You bite Grinder!
Grinder is heavily wounded.
Grinder misses you. The grasping roots constrict you!
* * * LOW HITPOINT WARNING * * *
It was a potion of resistance.
You feel protected. Grinder misses you. The grasping roots constrict you.
You die...

##########
#5s<.....#
#.#.#..#.#
#.#.# .#
#.#.. #
#.#### #.
##


You could see Grinder (very poisoned).

Vanquished Creatures
  3 worms
  A dart slug (D:1)
  An orc (D:3)
  9 ball pythons
  3 endoplasms
  A giant cockroach (D:1)
  4 goblins
  5 hobgoblins
  2 jackals (D:1)
  5 kobolds
  4 quokkas
  3 bats
  5 frilled lizards
  5 rats
51 creatures vanquished.

Notes
Turn   | Place    | Note
-------+----------+-------------------------------------------
     0 | D:1      | growler the Draconian Transmuter began the quest for the
                  | Orb.
     0 | D:1      | Reached XP level 1. HP: 16/16 MP: 3/3
   110 | D:1      | Reached XP level 2. HP: 23/23 MP: 5/5
   299 | D:1      | Reached XP level 3. HP: 21/29 MP: 6/6
   508 | D:1      | Learned a level 2 spell: Wereblood
   512 | D:1      | Learned a level 3 spell: Spider Form
  1529 | D:3      | Reached XP level 4. HP: 36/36 MP: 7/7
  1852 | D:4      | Noticed Grinder
  1853 | D:4      | Paralysed by Grinder for 3 turns
  1862 | D:4      | Constricted to death by Grinder

Illustrated notes

Levels and vault maps discovered:
D:1:      lightli_molten_gateway, layout_rooms
D:2:      layout_basic
D:3:      kennysheep_big_flooded_room, layout_basic
D:4:      layout_basic, ebering_ghost_reflecting_pool, enter_ossuary_2,
          uniq_grinder, uniq_edmund, uniq_sigmund

Skill      XL: |  1  2 |
---------------+-------+-----
Dodging        | 2 |  2.2
Fighting       | |  1.9
Unarmed Combat | |  3.5
Spellcasting   | |  2.5
Transmutations | |  2.6

Action                     |  1- 3 |  4- 6 || total
---------------------------+-------+-------++-------
  Melee: Unarmed           |   147 |     4 ||   151
         Headbutt          |     8 |       ||     8
         Tailslap          |    16 |       ||    16
         Kick              |    13 |       ||    13
         Punch             |     5 |       ||     5
   Cast: Beastly Appendage |    10 |       ||    10
         Wereblood         |     1 |       ||     1
         Spider Form       |       |     1 ||     1
    Use: Potion            |       |     1 ||     1
 Armour: Skin              |    32 |     1 ||    33
  Dodge: Dodged            |    95 |     3 ||    98
